 Dungeon Sprint DCSS version 0.31-a0-325-g067879e3d3 (webtiles) character file.

Game seed: 16596235823681075656

114 Conn the Firebug (level 4, 0/27 HPs)
             Began as an Octopode Fire Elementalist on July 18, 2023.
             Slain by a fire elemental (14 damage)
             ... summoned by a deep elf pyromancer
             ... in the Dungeon (Sprint III: "The Ten Rune Challenge").
             The game lasted 00:02:11 (343 turns).

Conn the Firebug (Octopode Fire Elementalist)        Turns: 343, Time: 00:02:12

Health: 0/27       AC:  1    Str:  7    XL:     4   Next: 97%
Magic:  10/10      EV: 14    Int: 19    God:
Gold:   16         SH:  0    Dex: 12    Spells: 2/12 levels left

rFire   . . .        g - +4 club (spect)
rCold   . . .        (no shield)
rNeg    . . .        (helmet restricted)
rPois   .            (no amulet)
rElec   .            (no ring)
rCorr   .            (no ring)
SInv    .            (no ring)
Will    .....        (no ring)
Stlth   ++++         (no ring)
HPRegen 0.24/turn    (no ring)
MPRegen 0.12/turn    (no ring)
                     (no ring)

%: no teleportation
@: hasted, very quick
A: almost no armour, amphibious, 8 rings, camouflage 1, gelatinous body 1,
(nimble swimmer 1), tentacles
a: no special abilities


You were in the Dungeon.
You visited 1 branch You collected 16 gold pieces.

Inventory:

Hand Weapons
 g - a +4 spectral club (weapon)
Scrolls
 f - a scroll of blinking
 i - a scroll of immolation {unknown}
 j - a scroll of fog {unknown}
 l - a scroll of poison {unknown}
 m - a scroll of identify {unknown}
Potions
 a - 3 potions of magic
 b - a potion of curing
 c - a potion of heal wounds
 e - a potion of berserk rage
 h - 6 potions of mutation {unknown}
 k - 2 potions of enlightenment


   Skills:
 + Level 3.6 Dodging
 + Level 4.9 Stealth
 + Level 4.5 Spellcasting
 + Level 1.8 Conjurations
 + Level 7.3 Fire Magic


You had 2 spell levels left.
You knew the following spells:

 Your Spells              Type           Power      Damage    Failure   Level
a - Foxfire               Conj/Fire      84%        2x1d8     1%          1
b - Scorch                Fire           64%        2d7       1%          2
c - Inner Flame           Hex/Fire       18%        N/A       9%          3
d - Flame Wave            Conj/Fire      21%        2d8       21%         4

Your spell library contained the following spells:

 Spells                   Type           Power      Damage    Failure   Level
 Volatile Blastmotes      Fire/Tloc      36%        2d13      9%          3


Dungeon Overview and Level Annotations

Branches:
Dungeon (1/1)

Altars:
Elyvilon
Zin
The Shining One


Innate Abilities, Weirdness & Mutations

You cannot wear most types of armour.
You are amphibious.
You can wear up to eight rings at the same time.
Your skin changes colour to match your surroundings (Stealth+).
Your rubbery body absorbs attacks. (AC +1, EV +1)
((You are camouflaged when in or above water. (Stealth+)))
You have tentacles for arms and can constrict up to eight enemies at once.


Message History

Your Fire Magic skill increases to level 7!
Unknown command.
You close the door.
Your magical contamination has completely faded away.
You enter the shallow water.
You start resting.
Magic restored.
You enter the shallow water.
You open the door.
There is an open door to the Ecumenical Temple here.
You open the door.
Found a glowing silver altar of Zin.
Found two altars.
A deep elf pyromancer comes into view.
It is wielding a +2 long sword of holy wrath.
Found a potion of heal wounds.
The deep elf pyromancer shouts!
The deep elf pyromancer gestures wildly while chanting.
You can't go up here!
Press: ? - help, v - describe, . - travel The floor.
You aren't carrying any items that you can evoke.
Unknown command.
Unknown command.
Unknown command.
Unknown command.
Casting: Scorch (safe; 1% risk of failure)
Confirm with . or Enter, or press ? or * to list all spells.
Okay, then.
Unknown command.
The fire elemental misses you.
There is a fountain of clear blue water here.
Okay, then.
Unknown command.
Unknown command.
Okay, then.
You feel yourself speed up. The fire elemental hits you.
The fire elemental burns you! The fire elemental hits you.
The fire elemental burns you!
Ouch! That really hurt!
You die...

▓▓▓▓▓▓▓▓▓ ▓▓▓ ..'...♣.♣♣
♣.##### ..#......♣ ♣.#☼__#
###.....♣♣ ♣.#!○○#
†.#....~♣ ♣♣♣.###'#+###+##
..#...~~♣♣.♣♣.#.EE.......#
.)#..~~~~.♣♣..'.@........#
#[#..~≈≈~~~...#...######+#
..#.~~≈~~~....#.⌠.#
..#.~≈÷~~.....#...#
..#.~~~.......#+###
###...........#
..............#
▓▓▓▓▓▓▓▓▓▓▓▓▓▓▓


You could see 2 fire elementals.

Vanquished Creatures
  A water elemental (D)
  Jessica (D)
  A human (D)
  A wolf (D)
  2 rats (D)
6 creatures vanquished.

Vanquished Creatures (others)
  18 foxfires (D)
18 creatures vanquished.

Grand Total: 24 creatures vanquished

Notes
Turn   | Place    | Note
-------+----------+-------------------------------------------
     0 | D        | Conn the Octopode Fire Elementalist began the quest for the
                  | Orb.
     0 | D        | Reached XP level 1. HP: 11/11 MP: 3/3
    44 | D        | Noticed Jessica
    47 | D        | Killed Jessica
    48 | D        | Reached skill level 5 in Fire Magic
    48 | D        | Reached XP level 2. HP: 17/17 MP: 3/6
    48 | D        | Reached XP level 3. HP: 21/21 MP: 3/7
   109 | D        | Reached skill level 6 in Fire Magic
   109 | D        | Reached XP level 4. HP: 15/27 MP: 2/9
   223 | D        | Learned a level 2 spell: Scorch
   227 | D        | Learned a level 3 spell: Inner Flame
   232 | D        | Learned a level 4 spell: Flame Wave
   246 | D        | Noticed a water elemental
   251 | D        | Killed a water elemental
   252 | D        | Reached skill level 7 in Fire Magic
   337 | D        | Found a glowing silver altar of Zin.
   338 | D        | Found a glowing golden altar of the Shining One.
   338 | D        | Found a white marble altar of Elyvilon.
   339 | D        | Noticed a deep elf pyromancer
   340 | D        | Noticed a fire elemental
   340 | D        | Noticed a fire elemental
   343 | D        | Slain by a fire elemental

Illustrated notes

Levels and vault maps discovered:
D:        dungeon_sprint_mu [sprint_mu_entry_forest, sprint_mu_temple_rooms,
          sprint_mu_d1_spiders, sprint_mu_d2_genie, sprint_mu_d3_branching,
          sprint_mu_orc_legion, sprint_mu_elf_gauntlet, sprint_mu_hive_nellie,
          sprint_mu_lair_fedhas, sprint_mu_vaults_butterflies,
          sprint_mu_slime_circle, sprint_mu_shoals_archi,
          sprint_mu_snake_twists, sprint_mu_blade_basic,
          sprint_mu_crypt_chambers, sprint_mu_tomb_spiral,
          sprint_mu_vestibule_basic, sprint_mu_gehenna_hellfire,
          sprint_mu_dis_giant, sprint_mu_tartarus_statrot,
          sprint_mu_cocytus_islands, sprint_mu_zot1]

Skill      XL: |  1  2  3  4 |
---------------+-------------+-----
Stealth        | 3 4 |  4.9
Spellcasting   | 3 4 |  4.5
Fire Magic     | 5 6 7 |  7.3
Dodging        | 3 |  3.6
Conjurations   | |  1.8

Action                     |  1- 3 |  4- 6 || total
---------------------------+-------+-------++-------
  Melee: Tentacles         |     2 |       ||     2
         Unarmed           |     1 |       ||     1
         Club              |     2 |       ||     2
         Constrict         |     1 |       ||     1
   Cast: Foxfire           |     9 |     1 ||    10
         Scorch            |       |     3 ||     3
    Use: Potion            |       |     1 ||     1
 Armour: Skin              |     1 |     1 ||     2
  Dodge: Dodged            |     2 |     1 ||     3

Table legend: (Time is in decaauts)
 A = Elapsed time spent in this place.
 B = Non-inter-level travel time spent in this place.
 C = Inter-level travel time spent in this place.
 D = Time resting spent in this place.
 E = Time spent auto-exploring this place.
 F = Levels seen in this place.
 G = Mean time per level.
                   A        B        C        D        E       F      G
               +--------+--------+--------+--------+--------+-----+--------+
         Total |    343 |    343 |      0 |    189 |      0 |   1 |  343.0 |
       Dungeon |    343 |    343 |      0 |    189 |      0 |   1 |  343.0 |
               +--------+--------+--------+--------+--------+-----+--------+

Top non-repeatable levels by time:
       D: 343 daAuts
